 Dungeon Crawl Stone Soup version 0.31-a0-840-g6d2ecbb638 (webtiles) character file.

Game seed: 8935973120140166163

5693 BinkBink the Thaumaturge (level 11, -3/65 HPs)
             Began as a Djinni Fire Elementalist on Sept 27, 2023.
             Slain by Harold
             ... wielding a +0 glaive
              (23 damage)
             ... on level 9 of the Dungeon.
             The game lasted 00:23:15 (8043 turns).

BinkBink the Thaumaturge (Djinni Fire Elementalist) Turns: 8043, Time: 00:23:16

Health: -3/65      AC:  2    Str:  7    XL:     11   Next: 4%
Gold:   467        EV: 17    Int: 20    God:
                   SH:  0    Dex: 15

rFire   + + +        (no weapon)
rCold   + . .        (no shield)
rNeg    . . .        a - +0 robe
rPois   ∞            (no helmet)
rElec   .            b - scarf {rC+ rF+}
rCorr   .            (no gloves)
SInv    .            (boots unavailable)
Will    +....        (no amulet)
Stlth   ++           h - ring of protection from cold
HPRegen 0.30/turn    x - +5 ring of evasion
MPRegen 0.00/turn

%: infuse magic (-4 HP)
@: about to teleport, flying
A: sickness immunity, fire resistance 2, cold vulnerability 1, float, innate
caster, HP casting, extra vitality 1
a: no special abilities


You were on level 9 of the Dungeon.
You visited 2 branches of the dungeon, and saw 10 of its levels.

You collected 467 gold pieces.

Inventory:

Armour
 a - a +0 robe (worn)
 b - a scarf of resistance (worn)
 q - the +3 leather armour of the Beloved God {rElec rPois rCorr}
   (You found it on level 5 of the Dungeon)

   rElec:     It insulates you from electricity.
   rPois:     It protects you from poison rCorr: It protects you from acid and
   corrosion.
Magical Staves
 f - a staff of conjuration
 w - a staff of cold
Jewellery
 h - a ring of protection from cold (left hand)
 x - a +5 ring of evasion (right hand)
 B - a ring of positive energy
Wands
 o - a wand of paralysis (10)
 r - a wand of mindburst (10)
 u - a wand of digging (6)
 y - a wand of acid (3)
 A - a wand of roots (15)
Scrolls
 c - a scroll of amnesia {unknown}
 d - 3 scrolls of vulnerability {unknown}
 e - 5 scrolls of teleportation
 g - a scroll of enchant weapon {unknown}
 k - 2 scrolls of immolation {unknown}
 l - 4 scrolls of identify {unknown}
 m - a scroll of noise {unknown}
 p - a scroll of silence {unknown}
 C - a scroll of fear {unknown}
 D - 2 scrolls of revelation {unknown}
Potions
 i - 2 potions of heal wounds
 j - a potion of haste {unknown}
 n - 2 potions of lignification {unknown}
 s - a potion of magic {unknown}
 t - a potion of might {unknown}
 v - 2 potions of mutation {unknown}
 z - 3 potions of brilliance {unknown}


   Skills:
 - Level 2.1 Dodging
 - Level 1.5 Stealth
 * Level 12.1 Spellcasting
 * Level 12.1 Conjurations
 * Level 12.1 Hexes
   Level 0.0 Charms
 * Level 12.1 Summonings
 * Level 12.1 Necromancy
 * Level 12.1 Translocations
 * Level 12.1 Transmutations
 * Level 12.1 Fire Magic
 * Level 12.1 Ice Magic
 * Level 12.1 Air Magic
 * Level 12.1 Earth Magic
 * Level 12.1 Poison Magic


You knew the following spells:

 Your Spells              Type           Power      Damage    Failure   Level
a - Foxfire               Conj/Fire      100%       2x1d9     1%          1
b - Scorch                Fire           100%       2d9       1%          2
c - Volatile Blastmotes   Fire/Tloc      100%       2d18      1%          3
d - Inner Flame           Hex/Fire       57%        N/A       1%          3
e - Flame Wave            Conj/Fire      57%        2d14      1%          4
f - Shock                 Conj/Air       100%       1d9       1%          1
g - Searing Ray           Conj           100%       2d8       1%          2
h - Poisonous Vapours     Pois/Air       100%       N/A       1%          2
i - Fulminant Prism       Conj/Hex       28%        3d14      1%          4
j - Irradiate             Conj/Tmut      28%        3d21      1%          5
Your spell library was empty.

Dungeon Overview and Level Annotations

Branches:
Dungeon (9/15)             Temple (1/1) D:4            Lair (0/5) D:9
    Orc: D:9-12

Altars:
Cheibriados
Dithmenos
Elyvilon
Fedhas
Hepliaklqana
Makhleb
Nemelex Xobeh
Okawaru
Ru
Trog
Uskayaw
Wu Jian
Xom
Yredelemnul
Zin
The Shining One

Annotations:
D:5 1 runed translucent door, Crazy Yiuf
D:9 Harold


Innate Abilities, Weirdness & Mutations

You are immune to sickness and miasma.
You are immune to poison.
Your flesh is very heat resistant. (rF++)
You are vulnerable to cold. (rC-)
You float through the air rather than walking.
You learn spells naturally, not from books.
Your magical power is your life essence.
You have superior vitality. (+4 MHP)


Message History

You kill the black bear!
Harold the Weathered comes into view.
He is wielding a +0 glaive.
Casting: Scorch (safe; 1% risk of failure)
Confirm with . or Enter, or press ? or * to list all spells.
You conjure some foxfire!
Harold fires a harpoon shot at you. The harpoon shot hits you!
You are yanked forward by the harpoon shot.
A yak comes into view.
Casting: Foxfire (safe; 1% risk of failure)
Confirm with . or Enter, or press ? or * to list all spells.
Flames lash Harold.
Harold is lightly wounded.
Harold's fire resistance burns away.
The yak bellows!
Harold barely misses you.
Casting: Scorch (safe; 1% risk of failure)
Confirm with . or Enter, or press ? or * to list all spells.
Flames lash Harold.
Harold is burned terribly!
Harold is moderately wounded.
The foxfire hits Harold.
Harold is burned terribly!
Harold is moderately wounded.
Harold hits you with a +0 glaive!
Casting: Scorch (safe; 1% risk of failure)
Confirm with . or Enter, or press ? or * to list all spells.
Flames lash Harold.
Harold is burned terribly!
Harold is heavily wounded.
Harold barely misses you.
As you read the scroll of teleportation, it crumbles to dust.
You feel strangely unstable. Harold completely misses you.
Casting: Scorch (safe; 1% risk of failure)
Confirm with . or Enter, or press ? or * to list all spells.
Flames lash the yak.
The yak is lightly wounded.
The yak's fire resistance burns away.
Harold hits you with a +0 glaive!!
* * * LOW HITPOINT WARNING * * *
It was a potion of heal wounds.
You feel much better. Harold hits you with a +0 glaive!!
You die...
Harold sighs, "Nothing for old Harold but writing after this."

...........# ##.######
#...#....#.# #....#
..#.....##.# ####.######
.....#.....# #....v...#
...#...##.## #...###...#
........#..# #...# .[..#
..#.....)..# #...#
P....# .##.#...#..#
#...#.......#
)...##.##..#
#@Y.........?#
.#<........#
#@...........#
.#.#######.###
#...h...>.....
.#.#...#.....# #........
.#.#.#.#.###............
.#...#.....#####...#....
.....####### #...#....
#....# ##### ..^ ..#...#


You could see Harold (combustible), a yak (combustible) and a black bear.

Vanquished Creatures
  A two-headed ogre (D:9)
  Pikel (D:8)
  Maggie (D:7)
  A wyvern (D:7)
  3 yaks (D:8)
  Duvessa (D:5)
  2 water moccasins
  An ice beast (D:8)
  An orc warrior (D:7)
  2 black bears
  2 ogres
  4 centaurs
  3 phantoms
  A lemure (D:8)
  6 bullfrogs
  4 scorpions
  14 wights
  Dowan (D:5)
  5 howler monkeys (D:8)
  A crimson imp (D:5)
  4 hounds
  A lava snake (D:8)
  8 orc priests
  A jelly (D:6)
  Ijyb (D:5)
  3 iguanas
  2 orc wizards
  8 adders
  2 white imps
  An ufetubus (D:4)
  A worm (D:3)
  3 dart slugs
  24 orcs
  6 bats
  9 endoplasms
  5 giant cockroaches
  7 goblins
  10 hobgoblins
  7 jackals
  12 kobolds
  2 quokkas
  8 ball pythons
  A frilled lizard (D:2)
  4 rats
185 creatures vanquished.

Vanquished Creatures (collateral kills)
  20 foxfires (D:5)
20 creatures vanquished.

Vanquished Creatures (others)
  584 foxfires
584 creatures vanquished.

Grand Total: 789 creatures vanquished

Notes
Turn   | Place    | Note
-------+----------+-------------------------------------------
     0 | D:1      | BinkBink the Djinni Fire Elementalist began the quest for
                  | the Orb.
     0 | D:1      | BinkBink set off with the following spells memorised:
                  | Foxfire, Scorch, Volatile Blastmotes, Inner Flame, Flame
                  | Wave.
     0 | D:1      | Reached XP level 1. HP: 15/15 MP: 0/0
    84 | D:1      | Reached XP level 2. HP: 17/21 MP: 0/0
   184 | D:1      | Reached XP level 3. HP: 23/25 MP: 0/0
   184 | D:1      | Learned a level 1 spell: Shock
   259 | D:1      | Found a faded altar of an unknown god.
   866 | D:2      | Reached XP level 4. HP: 20/31 MP: 0/0
  2119 | D:3      | Reached XP level 5. HP: 33/35 MP: 0/0
  2119 | D:3      | Learned a level 2 spell: Searing Ray
  2445 | D:4      | Found a snail-covered altar of Cheibriados.
  2532 | D:4      | Noticed an ogre
  2536 | D:4      | Killed an ogre
  2537 | D:4      | Reached skill level 5 in Spellcasting
  2537 | D:4      | Reached skill level 5 in Conjurations
  2537 | D:4      | Reached skill level 5 in Hexes
  2537 | D:4      | Reached skill level 5 in Summonings
  2537 | D:4      | Reached skill level 5 in Necromancy
  2537 | D:4      | Reached skill level 5 in Translocations
  2537 | D:4      | Reached skill level 5 in Transmutations
  2537 | D:4      | Reached skill level 5 in Fire Magic
  2537 | D:4      | Reached skill level 5 in Ice Magic
  2537 | D:4      | Reached skill level 5 in Air Magic
  2537 | D:4      | Reached skill level 5 in Earth Magic
  2537 | D:4      | Reached skill level 5 in Poison Magic
  2537 | D:4      | Reached XP level 6. HP: 34/40 MP: 0/0
  2609 | D:4      | Found a hide-covered altar of Uskayaw.
  3208 | D:4      | Found a staircase to the Ecumenical Temple.
  3217 | Temple   | Entered the Ecumenical Temple
  3321 | D:5      | Entered Level 5 of the Dungeon
  3380 | D:5      | Noticed a black bear
  3384 | D:5      | Killed a black bear
  3385 | D:5      | Reached XP level 7. HP: 39/45 MP: 0/0
  3385 | D:5      | Learned a level 2 spell: Poisonous Vapours
  3421 | D:5      | Noticed a water moccasin
  3426 | D:5      | Killed a water moccasin
  3457 | D:5      | Noticed Ijyb
  3464 | D:5      | Killed Ijyb
  3466 | D:5      | Identified the +3 leather armour of the Beloved God {rElec
                  | rPois rCorr}
  3576 | D:5      | Reached XP level 8. HP: 38/50 MP: 0/0
  3685 | D:5      | Noticed Dowan
  3690 | D:5      | Noticed Duvessa
  3693 | D:5      | Killed Dowan
  3698 | D:5      | Killed Duvessa
  3758 | D:5      | Found a burning altar of Makhleb.
  4072 | D:5      | Found a runed translucent door.
  4073 | D:5      | Noticed Crazy Yiuf
  4754 | D:6      | Reached XP level 9. HP: 52/55 MP: 0/0
  4754 | D:6      | Learned a level 4 spell: Fulminant Prism
  5957 | D:7      | Noticed Maggie
  5964 | D:7      | Killed Maggie
  6030 | D:7      | Reached skill level 10 in Spellcasting
  6030 | D:7      | Reached skill level 10 in Conjurations
  6030 | D:7      | Reached skill level 10 in Hexes
  6030 | D:7      | Reached skill level 10 in Summonings
  6030 | D:7      | Reached skill level 10 in Necromancy
  6030 | D:7      | Reached skill level 10 in Translocations
  6030 | D:7      | Reached skill level 10 in Transmutations
  6030 | D:7      | Reached skill level 10 in Fire Magic
  6030 | D:7      | Reached skill level 10 in Ice Magic
  6030 | D:7      | Reached skill level 10 in Air Magic
  6030 | D:7      | Reached skill level 10 in Earth Magic
  6030 | D:7      | Reached skill level 10 in Poison Magic
  6176 | D:7      | Found a sacrificial altar of Ru.
  6303 | D:7      | Reached XP level 10. HP: 51/60 MP: 0/0
  6527 | D:7      | Found a white marble altar of Elyvilon.
  6527 | D:7      | Found a glowing silver altar of Zin.
  6527 | D:7      | Found a glowing golden altar of the Shining One.
  6994 | D:8      | Noticed Pikel
  7001 | D:8      | Killed Pikel
  7275 | D:8      | Found a sparkling altar of Nemelex Xobeh.
  7871 | D:9      | Noticed a two-headed ogre
  7877 | D:9      | Killed a two-headed ogre
  7878 | D:9      | Reached XP level 11. HP: 39/65 MP: 0/0
  7878 | D:9      | Learned a level 5 spell: Irradiate
  7995 | D:9      | Found a staircase to the Lair.
  7995 | D:9      | Noticed an elephant
  8036 | D:9      | Noticed Harold
  8043 | D:9      | Slain by Harold

Illustrated notes

Levels and vault maps discovered:
D:1:      minmay_arrival_radiant_lines, layout_basic,
          ebering_ecumenical_altar_webs
D:2:      layout_loops_corners
D:3:      layout_basic
D:4:      layout_basic, nicolae_uskayaw_suspiria, old_standard_altar,
          minmay_temple_entry_poolview, minmay_misc_feat_alley,
          minmay_box_of_dots
D:5:      layout_cave_pools, makhleb_grotto_becter, serial_park,
          serial_park_square3 [serial_park_minivault_5x5_6],
          serial_park_tiny_pond, serial_park_gazebo
          [serial_park_minivault_5x5_1], serial_park_square3
          [serial_park_minivault_5x5_8], serial_park_square1
          [serial_park_minivault_5x5_6], uniq_crazy_yiuf_cottage, uniq_ijyb,
          uniq_duvessa
D:6:      layout_layer_cave
D:7:      layout_gridville, good_gods_mini_temple, lemuel_doored_altar,
          roderic_roman_lattice, uniq_maggie
D:8:      layout_rooms, mainiacjoe_overflow_surrounded_room,
          nicolae_water_bricks, kennysheep_diamond, uniq_pikel
D:9:      layout_roguey, tgw_kikubaaqudgha, nicolae_sif_muna_little_library,
          david_lair_generic, hangedman_decor_clover_reticule,
          nicolae_kite_square_tiling_tiny, uniq_harold
Temple:   grunt_temple_mini_profane

Skill      XL: |  1  2  3  4  5  6  7  8  9 10 |
---------------+-------------------------------+-----
Spellcasting   | 4 5 6 8 10 12 | 12.1
Conjurations   | 4 5 6 8 10 12 | 12.1
Hexes          | 4 5 6 8 10 12 | 12.1
Summonings     | 4 5 6 8 10 12 | 12.1
Necromancy     | 4 5 6 8 10 12 | 12.1
Translocations | 4 5 6 8 10 12 | 12.1
Transmutations | 4 5 6 8 10 12 | 12.1
Fire Magic     | 4 5 6 8 10 12 | 12.1
Ice Magic      | 4 5 6 8 10 12 | 12.1
Air Magic      | 4 5 6 8 10 12 | 12.1
Earth Magic    | 4 5 6 8 10 12 | 12.1
Poison Magic   | 4 5 6 8 10 12 | 12.1
Dodging        | |  2.1
Stealth        | |  1.5

Action                     |  1- 3 |  4- 6 |  7- 9 | 10-12 || total
---------------------------+-------+-------+-------+-------++-------
   Cast: Foxfire           |    67 |   101 |   139 |    56 ||   363
         Scorch            |     6 |    28 |    48 |    60 ||   142
         Searing Ray       |       |       |     6 |     3 ||     9
    Use: Scroll            |       |       |       |     2 ||     2
         Potion            |       |       |       |     1 ||     1
 Armour: Robe              |     6 |     2 |     8 |     7 ||    23
  Dodge: Dodged            |    11 |     4 |    13 |    23 ||    51

Table legend: (Time is in decaauts)
 A = Elapsed time spent in this place.
 B = Non-inter-level travel time spent in this place.
 C = Inter-level travel time spent in this place.
 D = Time resting spent in this place.
 E = Time spent auto-exploring this place.
 F = Levels seen in this place.
 G = Mean time per level.
                   A        B        C        D        E       F      G
               +--------+--------+--------+--------+--------+-----+--------+
         Total |   8041 |   7826 |    215 |      9 |   6668 |  10 |  804.1 |
       Dungeon |   7955 |   7766 |    189 |      9 |   6668 |   9 |  883.9 |
        Temple |     85 |     59 |     26 |      0 |      0 |   1 |   85.0 |
               +--------+--------+--------+--------+--------+-----+--------+

Top non-repeatable levels by time:
     D:6: 1368 daAuts
     D:8: 1088 daAuts
     D:7: 1009 daAuts
     D:4: 998 daAuts
     D:5: 986 daAuts
     D:2: 949 daAuts
     D:1: 831 daAuts
     D:3: 455 daAuts
     D:9: 268 daAuts
  Temple: 85 daAuts
